 Dungeon Crawl Stone Soup version 0.23.2-40-g277498a001 (webtiles) character file.

Game seed: 10719147752259175583

60 Descartes the Ducker (level 3, 0/15 HPs)
             Began as a Felid Transmuter on Oct 9, 2019.
             Slain by Ijyb (4 damage)
             ... on level 3 of the Dungeon.
             The game lasted 00:03:00 (1970 turns).

Descartes the Ducker (Felid Transmuter)             Turns: 1970, Time: 00:03:01

Health: 0/15       AC:  1    Str:  7    XL:     3   Next: 82%
Magic:  7/7        EV: 19    Int: 14    God:
Gold:   118        SH:  0    Dex: 16    Spells: 3/6 levels left
                                        Lives:  0   Deaths: 0

rFire    + . .     SeeInvis +     - Unarmed
rCold    . . .     Gourm    .   (shield unavailable)
rNeg     . . .     Faith    .   (armour unavailable)
rPois    .         Spirit   .   (helmet unavailable)
rElec    .         Reflect  .   (cloak unavailable)
rCorr    .         Harm     .   (gloves unavailable)
MR       .....                  (boots unavailable)
Stlth    ++........             (no amulet)
HPRegen  0.05/turn              f - ring of protection from fire
MPRegen  0.10/turn              (no ring)

@: quick
A: very small, no armour, no weapons or thrown items, stealth, claws 1, fangs 3,
see invisible, carnivore, speed 1, shaggy fur 1, slow metabolism 1, sharp paws
a: no special abilities


You were on level 3 of the Dungeon.
You were completely stuffed.

You visited 1 branch of the dungeon, and saw 3 of its levels.

You collected 118 gold pieces.

Inventory:

Missiles
 a - 69 arrows
Jewellery
 f - a ring of protection from fire (left paw)
Scrolls
 e - 2 scrolls of remove curse
 g - a scroll of amnesia {unknown}
 k - a scroll of teleportation {unknown}
Potions
 b - a potion of brilliance {unknown}
 h - a potion of invisibility
 i - a potion of might {unknown}
 l - 2 potions of curing
 m - a potion of resistance {unknown}
Comestibles
 c - 5 rations
 j - 5 chunks of flesh


   Skills:
 + Level 1.4 Fighting
 * Level 3.6 Dodging
 * Level 3.5 Unarmed Combat
 + Level 2.3 Spellcasting
 * Level 2.9 Transmutations


You had 3 spell levels left.
You knew the following spells:

 Your Spells              Type           Power        Failure   Level  Hunger
a - Beastly Appendage     Tmut           #.....       7%          1    #......
b - Sticks to Snakes      Tmut           #.......     11%         2    ###....

Your spell library contained the following spells:

 Spells                   Type           Power        Failure   Level  Hunger
 Spider Form              Tmut/Pois      #.........   36%         3    ###....
 Ice Form                 Ice/Tmut       #.......     77%         4    #####..
 Blade Hands              Tmut           #.........   88%         5    ######.


Dungeon Overview and Level Annotations

Branches:
Dungeon (3/15)

Altars:
Ashenzari
Elyvilon
Nemelex Xobeh
The Shining One

Annotations:
D:3 Ijyb


Innate Abilities, Weirdness & Mutations

You cannot wear armour.
You are incapable of wielding weapons or throwing items.
Your paws allow you to move quietly. (Stealth)
You have sharp claws.
You have razor-sharp teeth.
You have supernaturally acute eyesight. (SInv)
You are carnivorous and can eat meat at any time.
You cover ground quickly.
You are covered in fur. (AC +1)
You have a slow metabolism.
Your sharp claws are effective at attacking unaware monsters.


Message History

Ijyb hits you.
You scratch Ijyb. You headbutt Ijyb.
Ijyb is severely wounded.
The orc hits you with a +0 whip.
* * * LOW HITPOINT WARNING * * *
You are too injured to fight recklessly!
You scratch Ijyb. You headbutt Ijyb, but do no damage.
Ijyb is severely wounded.
Ijyb closely misses you. The orc completely misses you.
You closely miss Ijyb.
Ijyb is severely wounded.
Ijyb closely misses you. The orc misses you.
You scratch Ijyb but do no damage.
Ijyb is severely wounded.
Ijyb drinks a potion.
Ijyb is healed!
The orc misses you.
You scratch Ijyb but do no damage.
Ijyb is lightly wounded.
Your horns disappear.
Ijyb hits you.
You die...

### ..# # #.#
#.##.## .... ####
####<##### ....#
#.?.%....##......
#.##.#...@g......
#<.....o......
#....###...?..
####.# ##%... ..#
##. ####


You could see Ijyb and an orc.

Vanquished Creatures
  An adder (D:2)
  2 oozes
  A worm (D:2)
  2 dart slugs
  4 giant cockroaches
  7 goblins
  3 hobgoblins (D:1)
  A quokka (D:2)
  9 bats
  2 frilled lizards
  A kobold (D:1)
  3 rats
36 creatures vanquished.

Notes
Turn   | Place    | Note
-------+----------+-------------------------------------------
     0 | D:1      | Descartes the Felid Transmuter began the quest for the Orb.
     0 | D:1      | Reached XP level 1. HP: 9/9 MP: 4/4
   358 | D:1      | Reached XP level 2. HP: 9/12 MP: 6/6
  1359 | D:2      | Reached XP level 3. HP: 15/15 MP: 7/7
  1363 | D:2      | Learned a level 2 spell: Sticks to Snakes
  1533 | D:2      | Found a sparkling altar of Nemelex Xobeh.
  1538 | D:2      | Found a shattered altar of Ashenzari.
  1552 | D:2      | Found a glowing golden altar of the Shining One.
  1685 | D:2      | Found a white marble altar of Elyvilon.
  1951 | D:3      | Noticed Ijyb
  1970 | D:3      | Slain by Ijyb

Skill      XL: |  1 |
---------------+----+-----
Dodging        | 3 |  3.6
Fighting       | |  1.4
Unarmed Combat | |  3.5
Spellcasting   | |  2.3
Transmutations | |  2.9

Action                   || total
-------------------------++-------
Melee: Unarmed           ||   127
       Headbutt          ||    14
       Bite              ||     5
       Punch             ||     2
 Cast: Beastly Appendage ||    21
  Use: Scroll            ||     3
 Stab: Sleeping          ||     4
  Eat: Chunk             ||    10
Armor: Skin              ||     7
Dodge: Dodged            ||   109
